Map: [EWC] Crimson Court

Players

herO - Winner!

  • Race: Protoss Protoss
  • Spawn Location: 1:00

Reynor

  • Race: Zerg Zerg
  • Spawn Location: 7:00

Event: Esports World Cup 2024

VOD

Have the link to the VOD?

Description

Time

  • Played on: Aug. 16, 2024, 9:48 a.m.
  • Length: 18:54

All games in this series

Show
View Real Time Build Order
Export as new Build Order

herO Protoss - Winner!

Build Orders: 1 Gate Expand, Oracle Opening 

Get SALT Encoding   

  12  0:00  Probe  
  13  0:12  Probe  
  14  0:17  Pylon  
  14  0:24  Probe  
  15  0:35  Gateway  
  15  0:37  Probe (Chrono Boost)  
  16  0:42  Assimilator  
  16  0:49  Probe (Chrono Boost)  
  17  0:54  Probe (Chrono Boost)  
  18  1:03  Probe  
  19  1:15  Probe  
  20  1:24  Cybernetics Core  
  20  1:31  Nexus  
  20  1:38  Pylon  
  20  1:41  Probe  
  21  1:47  Assimilator  
  21  1:53  Probe  
  22  1:57  Adept (Chrono Boost)  
  24  2:05  Probe  
  25  2:14  Stargate  
  25  2:17  Probe  
  25  2:20  Adept  
  28  2:28  Warp Gate  
  28  2:29  Probe  
  29  2:44  Probe (Chrono Boost)  
  31  2:46  Probe (Chrono Boost)  
  31  2:50  Adept  
  33  2:53  Probe (Chrono Boost)  
  33  2:56  Probe (Chrono Boost)  
  33  2:58  Oracle (Chrono Boost), Probe (Chrono Boost)  
  39  3:05  Probe  
  39  3:10  Probe  
  39  3:11  Pylon  
  41  3:17  Probe  
  42  3:22  Probe  
  42  3:25  Oracle (Chrono Boost)  
  43  3:30  Probe  
  47  3:34  Probe  
  47  3:37  Nexus  
  47  3:41  Pylon  
  48  3:44  Probe  
  48  3:46  Probe  
  50  3:53  Assimilator  
  50  3:54  Assimilator  
  50  3:56  Oracle (Chrono Boost)  
  51  4:08  Probe x2  
  49  4:18  Adept  
  49  4:20  Probe x2  
  53  4:25  Twilight Council  
  53  4:26  Forge  
  53  4:32  Probe (Chrono Boost)  
  53  4:38  Probe (Chrono Boost)  
  55  4:42  Probe (Chrono Boost)  
  55  4:44  Blink  
  57  4:46  Probe (Chrono Boost)  
  57  4:47  Probe (Chrono Boost)  
  57  4:49  Gateway  
  57  4:50  Probe  
  59  4:56  Probe  
  59  4:57  Protoss Ground Weapons Level 1 (Chrono Boost)  
  59  4:58  Probe  
  55  5:08  Probe  
  55  5:10  Adept, Probe  
  55  5:11  Probe  
  60  5:18  Gateway  
  60  5:20  Probe  
  61  5:22  Gateway, Probe  
  61  5:24  Probe  
  62  5:33  Probe (Chrono Boost)  
  62  5:36  Probe (Chrono Boost)  
  62  5:37  Probe (Chrono Boost)  
  62  5:38  Pylon  
  62  5:39  Stalker  
  65  5:48  Probe (Chrono Boost)  
  68  5:50  Pylon  
  68  5:51  Probe (Chrono Boost)  
  68  5:52  Pylon, Probe (Chrono Boost)  
  68  5:53  Probe (Chrono Boost)  
  68  5:56  Stalker  
  72  5:57  Probe (Chrono Boost)  
  72  5:59  Probe  
  72  6:02  Stalker, Probe  
  76  6:09  Probe  
  76  6:11  Probe  
  78  6:14  Probe  
  78  6:16  Gateway  
  78  6:17  Gateway  
  79  6:20  Stalker x3  
  79  6:21  Probe  
  86  6:27  Templar Archives  
  86  6:28  Probe x2  
  88  6:33  Probe  
  88  6:36  Shield Battery  
  88  6:37  Pylon  
  89  6:44  Probe  
  89  6:45  Assimilator x2, Protoss Ground Weapons Level 2 (Chrono Boost), Probe x2  
  92  6:48  Pylon  
  92  6:52  Charge  
  92  6:53  Pylon x2  
  92  6:58  Stalker  
  92  6:59  Stalker x2  
  92  7:00  Stalker  
  100  7:07  Psionic Storm  
  100  7:09  Nexus  
  100  7:11  Pylon  
  100  7:23  High Templar x2  
  100  7:24  High Templar  
  100  7:26  Photon Cannon  
  100  7:27  Probe x3  
  109  7:31  Photon Cannon  
  109  7:33  Photon Cannon  
  109  7:34  Shield Battery  
  109  7:39  Assimilator  
  109  7:40  Zealot, High Templar x2  
  109  7:41  Assimilator  
  115  7:45  Photon Cannon  
  115  7:46  Shield Battery  
  115  7:50  Probe x3  
  118  8:04  Fleet Beacon  
  118  8:05  Stargate  
  118  8:07  Zealot  
  118  8:11  Photon Cannon  
  120  8:13  Probe x2  
  120  8:14  Probe  
  120  8:15  Pylon  
  120  8:18  Gateway  
  123  8:22  Gateway  
  123  8:25  Photon Cannon  
  123  8:28  Stalker, High Templar x2  
  123  8:29  Stalker  
  123  8:32  Pylon  
  131  8:39  Photon Cannon  
  131  8:40  Photon Cannon  
  131  8:42  Photon Cannon  
  131  8:43  Pylon  
  131  8:46  Robotics Facility  
  131  8:47  Shield Battery  
  131  8:56  Photon Cannon  
  131  8:58  Shield Battery  
  131  8:59  Tempest x2 (Chrono Boost)  
  141  9:12  Photon Cannon  
  141  9:15  Shield Battery x2  
  141  9:16  Pylon  
  141  9:18  Pylon  
  141  9:21  Stalker x2  
  142  9:33  Stalker x4  
  148  9:39  Observer (Chrono Boost)  
  148  9:41  Tempest x2 (Chrono Boost)  
  155  9:55  Zealot  
  155  9:56  Zealot x4  
  155  9:59  Archon  
  155  10:13  Zealot x3, Tempest (Chrono Boost)  
  155  10:14  Tempest (Chrono Boost)  
  164  10:23  Zealot x5  
  159  10:30  Protoss Ground Weapons Level 3 (Chrono Boost)  
  153  10:38  Cybernetics Core  
  153  10:40  Probe x2  
  153  10:41  Probe x2  
  157  10:43  Assimilator  
  157  10:48  Cybernetics Core  
  155  10:50  Photon Cannon  
  155  10:55  High Templar x7  
  155  10:56  High Templar  
  171  11:00  Photon Cannon  
  171  11:06  Carrier (Chrono Boost)  
  177  11:15  Carrier (Chrono Boost)  
  183  11:23  Robotics Facility  
  183  11:28  Photon Cannon  
  183  11:30  Photon Cannon  
  183  11:32  Photon Cannon  
  183  11:34  Pylon  
  183  11:37  Nexus  
  183  11:46  Stalker x2  
  187  11:49  Pylon  
  187  11:56  Photon Cannon  
  187  11:57  Shield Battery  
  177  12:02  Protoss Air Weapons Level 1 (Chrono Boost), Protoss Air Armor Level 1 (Chrono Boost)  
  177  12:04  Photon Cannon  
  177  12:05  Shield Battery  
  177  12:06  Photon Cannon  
  177  12:07  Photon Cannon  
  176  12:11  Carrier (Chrono Boost)  
  176  12:13  Carrier (Chrono Boost)  
  194  12:39  Nexus  
  194  12:44  Observer (Chrono Boost)  
  194  12:47  Mothership  
  194  12:48  Pylon  
  195  12:51  Pylon  
  195  12:54  Unknown  
  195  12:55  Observer (Chrono Boost), Pylon  
  196  13:01  Photon Cannon  
  194  13:06  High Templar  
  194  13:07  High Templar x3  
  194  13:10  Protoss Shields Level 1  
  200  13:18  Photon Cannon  
  200  13:19  Shield Battery  
  200  13:21  Photon Cannon  
  200  13:22  Photon Cannon  
  200  13:24  Nexus  
  200  13:32  Pylon  
  185  13:52  Shield Battery  
  185  13:54  Photon Cannon  
  185  13:55  Photon Cannon x2  
  185  13:56  Photon Cannon  
  185  13:58  Photon Cannon  
  185  13:59  Unknown, Photon Cannon, Flux Vanes  
  185  14:00  Pylon  
  185  14:02  Shield Battery  
  185  14:04  Archon x2  
  185  14:05  Oracle (Chrono Boost)  
  187  14:27  Tempest (Chrono Boost)  
  190  14:32  Tempest (Chrono Boost)  
  190  14:34  High Templar  
  190  14:35  High Templar x4  
  190  14:38  Gateway  
  200  14:39  Gateway  
  200  14:41  Gateway, Archon x2  
  175  15:00  Tempest (Chrono Boost)  
  175  15:04  Protoss Shields Level 2, Tempest (Chrono Boost)  
  185  15:27  High Templar x2  
  185  15:28  High Templar x2  
  193  15:32  Protoss Air Weapons Level 2  
  193  15:33  Protoss Air Armor Level 2  
  193  15:35  Tempest  
  183  15:36  High Templar  
  183  15:37  High Templar x2  
  183  15:38  High Templar  
  183  15:39  Nexus  
  196  15:52  Archon x2  
  196  15:54  Photon Cannon  
  196  15:55  Shield Battery  
  196  15:57  Archon x2, Photon Cannon  
  196  15:59  Photon Cannon  
  196  16:01  Photon Cannon  
  196  16:02  Pylon  
  196  16:03  Zealot x2  
  189  16:24  High Templar x2  
  189  16:25  High Templar x3  
  194  16:27  Assimilator  
  194  16:31  Assimilator  
  194  16:32  Zealot  
  196  16:33  Zealot x2  
  190  17:03  Tempest x2  
  196  17:20  Immortal  
  195  17:32  Stalker x2, Observer  
  187  18:04  Observer (Chrono Boost)  
  188  18:12  Archon x4  
  178  18:17  Stalker x11, Observer (Chrono Boost)  
  179  18:38  Nexus  
  179  18:44  Stalker x10  
Show
View Real Time Build Order
Export as new Build Order

Reynor Zerg 

Build Orders: Hatch First, Lurkers 

Get SALT Encoding   

  12  0:00  Drone  
  13  0:12  Overlord  
  13  0:16  Drone  
  14  0:30  Drone x2  
  16  0:47  Hatchery  
  15  0:50  Drone  
  15  0:54  Drone  
  17  0:57  Drone  
  18  1:07  Extractor  
  17  1:12  Spawning Pool  
  17  1:15  Drone  
  17  1:18  Drone  
  18  1:27  Drone  
  19  1:38  Drone  
  20  1:48  Drone  
  21  1:59  Queen x2  
  21  2:00  Drone x2  
  27  2:10  Overlord  
  27  2:12  Zergling x2  
  28  2:21  Hatchery  
  27  2:23  Zergling x2  
  27  2:28  Metabolic Boost  
  28  2:31  Drone  
  28  2:33  Drone  
  28  2:35  Drone  
  31  2:42  Queen  
  33  2:47  Overlord  
  33  2:49  Drone  
  34  2:53  Zergling x2  
  34  2:54  Zergling x2  
  36  3:04  Queen  
  36  3:05  Overlord  
  38  3:08  Drone  
  38  3:09  Drone  
  38  3:11  Drone  
  41  3:13  Zergling x2  
  41  3:17  Drone x2  
  44  3:22  Overlord  
  44  3:24  Drone  
  45  3:27  Queen  
  45  3:32  Drone x2  
  49  3:36  Drone  
  49  3:39  Queen  
  52  3:47  Drone x2  
  54  3:52  Spore Crawler  
  54  3:53  Spore Crawler  
  52  3:55  Drone  
  52  3:56  Drone  
  52  3:58  Drone  
  52  4:00  Spore Crawler  
  54  4:08  Drone x4  
  54  4:09  Drone  
  58  4:13  Overlord  
  58  4:14  Drone, Queen  
  59  4:19  Drone, Spore Crawler  
  59  4:22  Drone  
  59  4:23  Queen  
  62  4:25  Unknown  
  62  4:26  Zergling x2  
  62  4:27  Zergling x2  
  63  4:33  Zergling x2  
  63  4:35  Zergling x2  
  65  4:39  Overlord  
  65  4:42  Zergling x4  
  65  4:43  Drone  
  65  4:44  Drone x3  
  71  4:46  Drone  
  71  4:47  Drone  
  71  4:50  Roach Warren  
  71  4:51  Queen  
  73  4:56  Drone x2  
  73  4:58  Drone  
  72  5:02  Drone  
  71  5:08  Drone  
  71  5:09  Overlord  
  71  5:11  Drone x3  
  75  5:14  Drone x2  
  75  5:16  Drone  
  75  5:18  Overlord  
  78  5:22  Drone  
  78  5:25  Overlord  
  80  5:28  Drone  
  80  5:33  Drone  
  80  5:34  Lair  
  77  5:37  Evolution Chamber  
  77  5:41  Roach x3  
  82  5:45  Hatchery  
  82  5:48  Drone x5  
  82  5:49  Overlord  
  86  5:50  Extractor  
  86  5:53  Overlord  
  86  5:55  Roach x2  
  89  5:59  Roach x2  
  89  6:00  Roach  
  95  6:05  Overlord  
  95  6:08  Roach x3  
  101  6:13  Zerg Missile Weapons Level 1  
  101  6:15  Drone x4  
  104  6:19  Overlord  
  104  6:20  Drone x2  
  104  6:23  Drone x2  
  108  6:30  Drone x2, Extractor  
  109  6:38  Glial Reconstitution  
  109  6:40  Infestation Pit  
  109  6:41  Roach x2  
  109  6:42  Extractor  
  109  6:43  Zergling x4, Roach  
  109  6:45  Overlord  
  109  6:46  Drone x2  
  116  6:49  Roach  
  116  6:50  Overseer  
  116  6:52  Zergling x6, Roach  
  123  6:57  Drone  
  123  6:58  Overlord  
  123  6:59  Roach  
  126  7:04  Drone  
  126  7:06  Queen  
  126  7:07  Roach x3  
  135  7:11  Overlord  
  135  7:18  Hive  
  135  7:19  Drone  
  135  7:20  Hydralisk Den, Drone x5  
  135  7:22  Overlord, Extractor  
  139  7:26  Drone x2  
  139  7:28  Roach  
  143  7:30  Overlord x2  
  143  7:32  Overlord  
  143  7:37  Extractor  
  143  7:38  Overlord  
  143  7:44  Drone x6  
  145  7:46  Overlord  
  145  7:48  Overseer  
  148  7:52  Lurker Den  
  147  8:02  Spore Crawler  
  146  8:05  Hydralisk x3  
  146  8:06  Muscular Augments, Hydralisk x4  
  146  8:07  Queen  
  146  8:08  Queen  
  164  8:13  Hydralisk x2  
  168  8:24  Hydralisk x2  
  168  8:26  Pneumatized Carapace  
  171  8:27  Overlord  
  171  8:36  Overlord  
  171  8:42  Overseer  
  171  8:46  Queen  
  173  8:53  Lurker x7  
  173  8:54  Lurker  
  179  8:55  Hydralisk  
  179  8:56  Hydralisk  
  179  8:57  Zergling x6  
  179  8:58  Zergling x12  
  192  9:03  Seismic Spines  
  192  9:09  Hatchery  
  191  9:14  Hydralisk x3  
  196  9:23  Hydralisk x2  
  198  9:30  Hydralisk  
  198  9:31  Hydralisk x2  
  186  9:39  Hydralisk x8  
  186  9:40  Zergling x8  
  186  9:41  Queen  
  186  9:42  Queen  
  196  9:50  Hydralisk x5  
  194  9:54  Zergling x2  
  194  9:55  Zergling x16  
  194  9:59  Queen  
  187  10:03  Hydralisk x2  
  187  10:04  Hydralisk  
  177  10:11  Spire  
  168  10:17  Hydralisk x3  
  168  10:18  Zergling x10  
  168  10:20  Zergling x4  
  174  10:23  Hydralisk  
  174  10:25  Hydralisk  
  174  10:28  Hydralisk x2  
  152  10:37  Overlord  
  152  10:39  Overlord  
  152  10:40  Lurker x3  
  148  10:46  Overlord  
  148  10:48  Drone x5  
  153  10:50  Nydus Network, Extractor x2  
  153  10:54  Overseer  
  153  10:57  Zerg Missile Weapons Level 2, Drone x3  
  152  11:00  Drone x3  
  152  11:01  Spine Crawler  
  152  11:02  Spore Crawler  
  154  11:11  Lurker x3  
  154  11:14  Drone x2  
  154  11:17  Lurker x2  
  161  11:20  Drone x2  
  161  11:21  Hydralisk x2  
  161  11:23  Spore Crawler x3  
  164  11:30  Viper  
  164  11:32  Drone x3  
  170  11:36  Spore Crawler  
  169  11:43  Hatchery, Nydus Canal  
  168  11:47  Drone x2  
  168  11:51  Viper x2  
  168  11:53  Zergling x2, Hydralisk x2  
  168  11:54  Zergling x8  
  181  11:55  Overlord  
  179  12:01  Drone x4  
  179  12:04  Spore Crawler, Adaptive Talons  
  181  12:17  Zerg Flyer Armor Level 1, Overlord  
  181  12:18  Drone  
  178  12:33  Lurker x2  
  178  12:34  Hatchery, Hydralisk x2, Grooved Spines  
  178  12:35  Hydralisk x3  
  189  12:40  Overseer  
  189  12:51  Overlord x2, Evolution Chamber  
  189  12:52  Drone  
  189  12:53  Overseer  
  189  12:58  Overseer  
  189  13:11  Overlord  
  189  13:15  Drone x2  
  189  13:17  Zerg Melee Weapons Level 1, Spire, Zerg Ground Armor Level 1  
  189  13:18  Adrenal Glands  
  190  13:32  Nydus Canal  
  185  13:53  Corruptor x7  
  199  13:58  Nydus Canal  
  199  14:01  Extractor  
  199  14:02  Extractor  
  197  14:06  Drone x2  
  197  14:07  Spore Crawler  
  197  14:09  Spore Crawler x2  
  196  14:11  Spore Crawler  
  192  14:23  Corruptor x4  
  198  14:35  Drone x4  
  198  14:37  Zerg Flyer Armor Level 2  
  198  14:38  Zerg Flyer Weapons Level 1, Overseer  
  195  14:59  Corruptor x6  
  178  15:01  Hydralisk x3  
  178  15:02  Zergling x6  
  178  15:06  Spore Crawler  
  190  15:07  Infestor x4  
  190  15:08  Spore Crawler  
  193  15:15  Drone x3  
  193  15:21  Zergling x12  
  193  15:22  Zergling x8  
  196  15:36  Spore Crawler, Lurker x2  
  196  15:37  Spore Crawler, Extractor  
  193  15:49  Lurker x4  
  194  15:52  Hatchery, Spore Crawler  
  194  15:53  Spore Crawler  
  189  16:05  Zergling x20  
  182  16:32  Ultralisk Cavern  
  176  16:35  Hydralisk x4  
  176  16:36  Hydralisk x3  
  185  17:01  Corruptor x4  
  174  17:04  Overlord  
  174  17:07  Extractor x2  
  174  17:08  Corruptor x3  
  180  17:10  Overseer  
  180  17:12  Overlord  
  180  17:19  Lurker x4  
  184  17:23  Zergling x18  
  184  17:24  Overlord  
  184  17:29  Queen  
  185  17:37  Spire  
  185  17:39  Ultralisk x2  
  185  17:40  Ultralisk  
  199  17:48  Zergling x4  
  186  18:03  Ultralisk x3  
  184  18:24  Zergling x32  
  184  18:26  Overlord  
  174  18:34  Zergling x4  
  174  18:35  Zergling x2  
  174  18:36  Overlord  
Tags
 
Add a new tag
Caveats
  • Supply blocks, unpowered buildings, or Contaminate may cause inaccurate times.
  • Supply counts are checked every 10 seconds.